 Dungeon Crawl Stone Soup version 0.26-a0-737-g4e9f4955e2 (webtiles) character file.

Game seed: 6422411599411900217

73943 Xurdan the Severer (level 15, -18/142 HPs)
             Began as a Deep Dwarf Fighter on Nov 4, 2020.
             Was the Champion of Makhleb.
             Demolished by a goliath frog (23 damage)
             ... called by a spriggan druid
             ... on level 2 of the Swamp on Nov 5, 2020.
             The game lasted 01:04:16 (15491 turns).

Xurdan the Severer (Deep Dwarf Fighter)            Turns: 15491, Time: 01:04:17

Health: -18/142    AC: 21    Str: 29    XL:     15   Next: 5%
Magic:  23/23      EV:  6    Int:  8    God:    Makhleb [******]
Gold:   360        SH: 12    Dex: 20    Spells: 14/14 levels left

rFire    + + +     SeeInvis .   k - +4 broad axe (flame)
rCold    + + .     Faith    .   c - +1 kite shield
rNeg     + + .     Spirit   .   a - +8 plate armour {rF+}
rPois    +         Reflect  .   H - -2 hat of the Alchemist {rElec rPois rF+ rC+ rN+ MR+ rMut rCorr}
rElec    +         Harm     +   D - +2 cloak {rPois}
rCorr    +         Rampage  .   i - +1 pair of gloves of the King of the Hill {Harm rC+ Dex+4}
rMut     +                      n - +0 pair of boots
MR       +++..                  (no amulet)
Stlth    ..........             b - +6 ring of strength
HPRegen  0.00/turn              g - ring of protection from fire
MPRegen  0.18/turn

@: corroded, non-regenerating
A: damage resistance, heal wounds, negative energy resistance 1, sense
surroundings 2, no regeneration
a: Heal Wounds, Minor Destruction, Lesser Servant of Makhleb, Major Destruction,
Greater Servant of Makhleb, Renounce Religion


You were on level 2 of the Swamp.
You worshipped Makhleb.
Makhleb was exalted by your worship.
You visited 4 branches of the dungeon, and saw 22 of its levels.

You collected 2535 gold pieces.
You spent 2175 gold pieces at shops.

Inventory:

Hand Weapons
 k - a +4 broad axe of flaming (weapon)
 E - a +1 broad axe of electrocution
Missiles
 w - 3 silver javelins
 y - 32 boomerangs (quivered)
Armour
 a - a +8 plate armour of fire resistance (worn)
 c - a +1 kite shield (worn)
 i - the +1 pair of gloves of the King of the Hill (worn) {Harm rC+ Dex+4}
   (You bought it in a shop on level 2 of the Orcish Mines)

   It affects your dexterity (+4).
   It protects you from cold.
   It increases damage dealt and taken.
 n - a +0 pair of boots (worn)
 D - a +2 cloak of poison resistance (worn)
 H - the -2 hat of the Alchemist (worn) {rElec rPois rF+ rC+ rN+ MR+ rMut rCorr}
   (You bought it in a shop on level 2 of the Orcish Mines)

   It protects you from fire.
   It protects you from cold.
   It insulates you from electricity.
   It protects you from poison.
   It protects you from negative energy.
   It affects your resistance to hostile enchantments.
   It provides partial protection from all sources of acid and corrosion.
   It protects you from mutation.
Jewellery
 b - a +6 ring of strength (left hand)
 g - a ring of protection from fire (right hand)
 r - a cursed amulet of reflection {unknown}
 C - a +6 ring of intelligence {unknown}
Wands
 e - a wand of polymorph (11)
 z - a wand of random effects (36)
 K - a wand of disintegration (8)
Scrolls
 j - 4 scrolls of magic mapping
 m - 5 scrolls of teleportation
 x - 9 scrolls of identify
 A - 5 scrolls of remove curse
 G - 6 scrolls of amnesia
Potions
 d - 3 potions of haste
 f - 9 potions of ambrosia
 h - a potion of mutation
 l - a potion of cancellation {unknown}
 o - 2 potions of brilliance
 p - 2 potions of invisibility
 q - 2 potions of magic
 s - 3 potions of stabbing
 t - 3 potions of berserk rage
 u - 9 potions of curing
 F - 4 potions of lignification
 I - a potion of resistance {unknown}
 L - 2 potions of experience {unknown}
 M - 4 potions of flight {unknown}


   Skills:
 + Level 11.5 Fighting
 * Level 17.7 Axes
 + Level 13.4 Armour
 - Level 3.2 Shields
 + Level 14.9 Invocations


You had 14 spell levels left.
You didn't know any spells.
Your spell library contained the following spells:

 Spells                   Type           Power        Failure   Level
 Animate Skeleton         Necr           #.....       100%        1
 Apportation              Tloc           #.....       100%        1
 Corona                   Hex            #......      100%        1
 Summon Small Mammal      Summ           #...         100%        1
 Summon Demon             Summ           #.........   100%        5
 Summon Forest            Summ/Tloc      #.........   100%        5
 Summon Mana Viper        Hex/Summ       #.......     100%        5
 Shadow Creatures         Summ           N/A          100%        6
 Summon Hydra             Summ           #.........   100%        7


Dungeon Overview and Level Annotations

Branches:
Dungeon (12/15)            Temple (0/1) D:6            Lair (6/6) D:10
  Swamp (2/4) Lair:4        Snake (0/4) Lair:3        Slime (0/5) Lair:5
    Orc (2/2) D:11            Elf (0/3) Orc:2

Altars:
Ashenzari
Dithmenos
Makhleb
Okawaru
Qazlal
Sif Muna
Vehumet
Wu Jian
Zin
The Shining One
Beogh
Jiyva

Shops:
D:4 *   Orc:2 (([[

Portals:
Ice
Cave: D:12

Annotations:
D:7 1 runed translucent door, lunkers's ghost, novice DDFi
D:8 3 runed translucent doors, runemasterragnar's ghost, journeyman OpFi
Lair:4 3 runed translucent doors, Ceyroiss's ghost, journeyman HuWn
Swamp:1 exclusion: oklob plant


Innate Abilities, Weirdness & Mutations

You are resistant to damage.
You can heal yourself by infusing magical energy.
You resist negative energy. (rN+)
You passively map the area around you.
You do not regenerate.


Message History

* * * LOW HITPOINT WARNING * * *
You are splashed with acid.
You resist.
* * * LOW HITPOINT WARNING * * *
The alligator puts on a burst of speed!
Okay, then.
Unknown command.
Unknown command.
Okay, then.
Unknown command.
You feel much better. The goliath frog barely misses you.
The goliath frog completely misses you. The goliath frog hits you.
* * * LOW HITPOINT WARNING * * *
You are splashed with acid.
You resist.
You hit the goliath frog but do no damage.
The goliath frog is almost dead.
The goliath frog hits you but does no damage.
The goliath frog hits you!!
* * * LOW HITPOINT WARNING * * *
You are splashed with acid.
You resist. The goliath frog hits you from afar!!
You die...

, , ≈ , * ≈ , * * ,, ,
♣♣*♣♣♣♣♣♣ , ≈
**♣♣.♣♣..<≈♣♣♣♣♣ *,, ≈
.,, ≈..♣..≈≈..<.♣ , ,,
≈≈≈≈ ♣≈♣.≈≈F@)F≈♣ ♣ , ,
,,≈≈≈≈.♣......≈§≈t♣♣.♣
, ≈
≈.≈≈..†.≈≈...≈♣♣≈...*,
, ≈.≈§.........≈≈...≈.≈
* ≈, * ≈
.≈≈≈≈≈≈≈..≈...$.≈....**
,
≈≈≈≈≈≈§§≈≈≈§[...♣♣♣♣♣♣
≈ .≈≈§≈≈≈≈≈≈≈≈..♣♣ ≈,
≈≈≈ * *
≈....≈≈≈≈≈≈§≈.≈♣ *, ,,*
** ≈......≈≈≈≈≈≈≈..♣ *


You could see an alligator (swift) and 2 goliath frogs.

Vanquished Creatures
  2 fenstrider witches
  An orc warlord (Orc:2)
  3 eleionomae (Swamp:1)
  11 hydras
  Erica (Lair:1)
  A catoblepas (Lair:3)
  3 two-headed ogres
  3 death yaks (Lair:6)
  3 alligators (Swamp:1)
  2 goliath frogs
  An unseen horror (D:11)
  3 spriggan druids
  6 bog bodies
  3 swamp dragons
  Pikel (D:5)
  An orc knight (Orc:2)
  2 cyclopes
  5 orc sorcerers (Orc:2)
  An oklob plant (Lair:1)
  A torpor snail (Lair:4)
  A gargoyle (D:10)
  9 cane toads
  A centaur skeleton (D:10)
  4 black mambas
  7 komodo dragons
  A rime drake (Lair:6)
  A queen bee (Lair:2)
  5 trolls
  3 polar bears
  Grinder (D:4)
  8 hornets
  A tyrant leech (Swamp:1)
  14 blink frogs
  A slime creature (D:11)
  6 dream sheep (Lair:5)
  15 spriggans
  46 yaks
  4 wyverns
  A wraith (D:11)
  Eustachio (D:5)
  3 vampire mosquitoes (Swamp:1)
  5 basilisks
  4 wargs
  5 nagas (Lair:3)
  7 swamp worms
  11 water moccasins
  An ice beast (D:11)
  A swamp drake (D:10)
  24 orc warriors
  3 phantoms
  7 ogres
  2 sky beasts
  6 black bears
  2 eyes of draining
  14 wolves (Lair:6)
  6 centaurs
  2 necrophages
  3 boggarts (Lair:6)
  3 big kobolds
  3 lemures (D:5)
  11 bullfrogs
  2 gnoll sergeants
  A wyvern skeleton (D:11)
  19 killer bees (Lair:2)
  5 howler monkeys
  8 wights
  4 electric eels
  A lava snake (D:11)
  14 orc wizards
  A quasit (D:11)
  2 jellies
  18 orc priests
  Crazy Yiuf (D:3)
  8 hounds
  3 bullfrog skeletons
  A gnoll shaman (D:7)
  3 iguanas
  7 worker ants
  A killer bee zombie (D:6)
  2 hound skeletons
  A worker ant zombie (D:5)
  8 gnolls
  16 adders
  2 shadow imps
  3 white imps
  An ooze (D:2)
  2 adder zombies
  3 worms
  3 dart slugs
  3 leopard geckos
  66 orcs
  2 ball pythons
  5 giant cockroaches
  6 goblins
  4 hobgoblins (D:2)
  9 jackals
  8 kobolds
  3 quokkas
  5 bats
  2 frilled lizards
  A leopard gecko skeleton (D:4)
  A leopard gecko zombie (D:6)
  A quokka zombie (D:7)
  8 rats
  A butterfly (Lair:6)
572 creatures vanquished.

Vanquished Creatures (collateral kills)
  Snorg (Lair:3)
  A hydra (Lair:6)
  A cane toad (Lair:3)
  2 hornets
  A polar bear (Lair:6)
  2 spriggans
  2 yaks (Lair:6)
  A black bear (Lair:6)
  4 wolves (Lair:6)
15 creatures vanquished.

Vanquished Creatures (others)
  A swamp drake (Swamp:2)
  4 orcs (Orc:2)
  A rat (D:1)
  2 bushes
  35 fungi
  47 plants
90 creatures vanquished.

Grand Total: 677 creatures vanquished

Notes
Turn   | Place    | Note
-------+----------+-------------------------------------------
     0 | D:1      | Xurdan the Deep Dwarf Fighter began the quest for the Orb.
     0 | D:1      | Reached XP level 1. HP: 20/20 MP: 1/1
   381 | D:1      | Reached XP level 2. HP: 27/27 MP: 2/2
   789 | D:2      | Reached skill level 3 in Axes
   806 | D:2      | Reached XP level 3. HP: 22/34 MP: 3/3
   966 | D:2      | Found a radiant altar of Vehumet.
  1052 | D:2      | Reached XP level 4. HP: 42/42 MP: 4/4
  1314 | D:3      | Found a broken altar of Ashenzari.
  1382 | D:3      | Found a burning altar of Makhleb.
  1385 | D:3      | Noticed a green death
  1389 | D:3      | Noticed a smoke demon
  1389 | D:3      | Noticed a hellwing
  1391 | D:3      | Became a worshipper of Makhleb the Destroyer
  1506 | D:3      | Found a runed translucent door.
  1507 | D:3      | Noticed Crazy Yiuf
  1513 | D:3      | Killed Crazy Yiuf
  1513 | D:3      | Reached skill level 4 in Axes
  1665 | D:4      | Reached skill level 1 in Invocations
  1665 | D:4      | Reached XP level 5. HP: 39/49 MP: 5/5
  1841 | D:4      | Noticed Grinder
  1854 | D:4      | Killed Grinder
  1854 | D:4      | Reached skill level 5 in Axes
  1854 | D:4      | Reached XP level 6. HP: 45/57 MP: 5/7
  2012 | D:4      | Reached skill level 5 in Armour
  2012 | D:4      | Reached XP level 7. HP: 40/64 MP: 9/9
  2046 | D:4      | Found Zin's Purification Station.
  2048 | D:4      | Found a glowing silver altar of Zin.
  2225 | D:5      | Entered Level 5 of the Dungeon
  2353 | D:5      | Noticed Pikel
  2382 | D:5      | Killed Pikel
  2382 | D:5      | Reached skill level 7 in Axes
  2382 | D:5      | Reached XP level 8. HP: 33/73 MP: 9/11
  2717 | D:5      | Reached skill level 5 in Invocations
  2731 | D:5      | Reached skill level 5 in Fighting
  2914 | D:5      | Noticed Eustachio
  2938 | D:5      | Killed Eustachio
  3122 | D:6      | Reached skill level 8 in Axes
  3242 | D:6      | Reached * piety under Makhleb
  3256 | D:6      | Gained mutation: You passively map the area around you.
                  | [Deep Dwarf growth]
  3256 | D:6      | Reached XP level 9. HP: 38/81 MP: 13/13
  3423 | D:6      | Reached skill level 9 in Axes
  3542 | D:6      | Found a staircase to the Ecumenical Temple.
  3777 | D:7      | Got a scorched mace
  3778 | D:7      | Identified the +5 mace of Pandemonium {pain, rPois MR-
                  | Str+10 Int-2} (You found it on level 7 of the Dungeon)
  3784 | D:7      | Found a stormy altar of Qazlal.
  3785 | D:7      | Found a shimmering blue altar of Sif Muna.
  3785 | D:7      | Found an ornate altar of the Wu Jian Council.
  3800 | D:7      | Noticed lunkers's ghost (novice DDFi)
  3843 | D:7      | Found an iron altar of Okawaru.
  3886 | D:7      | Reached ** piety under Makhleb
  3888 | D:7      | Found a runed translucent door.
  4024 | D:7      | Found a shadowy altar of Dithmenos.
  4190 | D:8      | Noticed a two-headed ogre
  4200 | D:8      | Killed a two-headed ogre
  4200 | D:8      | Reached skill level 10 in Axes
  4226 | D:8      | Reached XP level 10. HP: 68/92 MP: 15/15
  4539 | D:8      | Found a runed translucent gate.
  4540 | D:8      | Found a runed translucent gate.
  4541 | D:8      | Found a runed translucent gate.
  4542 | D:8      | Noticed runemasterragnar's ghost (journeyman OpFi)
  4926 | D:9      | Found a glowing golden altar of the Shining One.
  5917 | D:10     | Entered Level 10 of the Dungeon
  5946 | D:10     | Noticed a gargoyle
  5965 | D:10     | Killed a gargoyle
  6226 | D:10     | You fall into a shaft and drop 2 floors!
  6226 | D:12     | Found a frozen archway.
  6237 | D:11     | Reached skill level 11 in Axes
  6254 | D:11     | Noticed a cyclops
  6271 | D:11     | Noticed a two-headed ogre
  6275 | D:11     | Noticed a two-headed ogre
  6276 | D:11     | Killed a two-headed ogre
  6282 | D:11     | Killed a two-headed ogre
  6282 | D:11     | Reached *** piety under Makhleb
  6337 | D:11     | Killed a cyclops
  6337 | D:11     | Reached XP level 11. HP: 75/100 MP: 17/17
  6379 | D:11     | Reached skill level 12 in Axes
  6682 | D:11     | Found a staircase to the Orcish Mines.
  6714 | D:11     | Killed an unseen horror
  6995 | D:10     | Reached skill level 10 in Invocations
  7012 | D:10     | Reached **** piety under Makhleb
  7445 | D:10     | Found a staircase to the Lair.
  7522 | Lair:1   | Entered Level 1 of the Lair of Beasts
  7522 | Lair:1   | Noticed an oklob plant
  7648 | Lair:1   | Noticed a six-headed hydra
  7678 | Lair:1   | Killed a six-headed hydra
  7678 | Lair:1   | Reached skill level 13 in Axes
  7678 | Lair:1   | Reached skill level 10 in Armour
  7784 | Lair:1   | Noticed a five-headed hydra
  7798 | Lair:1   | Killed a six-headed hydra
  7879 | Lair:1   | Noticed a seven-headed hydra
  7881 | Lair:1   | Noticed Erica
  7903 | Lair:1   | Killed a seven-headed hydra
  7913 | Lair:1   | Paralysed by something for 7 turns
  7934 | Lair:1   | Killed Erica
  7934 | Lair:1   | Reached XP level 12. HP: 73/112 MP: 18/18
  8604 | Lair:2   | Reached ***** piety under Makhleb
  8652 | Lair:2   | Reached skill level 14 in Axes
  9216 | Lair:2   | You fall into a shaft and drop 1 floor!
  9406 | Lair:3   | Noticed a catoblepas
  9418 | Lair:3   | Killed a catoblepas
  9428 | Lair:3   | Noticed a four-headed hydra
  9439 | Lair:3   | Killed a four-headed hydra
  9458 | Lair:3   | Noticed Snorg
  9481 | Lair:3   | Found a staircase to the Snake Pit.
  9532 | Lair:3   | Killed Snorg
  9795 | Lair:3   | You fall into a shaft and drop 3 floors!
  9795 | Lair:6   | Entered Level 6 of the Lair of Beasts
 10509 | Lair:4   | Noticed a five-headed hydra
 10539 | Lair:4   | Killed a five-headed hydra
 10566 | Lair:4   | Reached XP level 13. HP: 85/122 MP: 20/20
 10662 | Lair:4   | Reached skill level 15 in Axes
 10745 | Lair:4   | Found a runed translucent gate.
 10745 | Lair:4   | Found a runed translucent gate.
 10746 | Lair:4   | Found a runed translucent gate.
 10747 | Lair:4   | Noticed Ceyroiss's ghost (journeyman HuWn)
 10834 | Lair:4   | Found a staircase to the Swamp.
 10840 | Lair:4   | Reached skill level 10 in Fighting
 11348 | Lair:5   | Found a viscous altar of Jiyva.
 11348 | Lair:5   | Found a staircase to the Slime Pits.
 11890 | Lair:6   | Reached ****** piety under Makhleb
 11890 | Lair:6   | Reached skill level 16 in Axes
 12041 | Lair:6   | Noticed an Executioner
 12149 | Lair:6   | Paralysed by a hornet for 3 turns
 12179 | Lair:6   | Gained mutation: You resist negative energy. (rN+) [Deep
                  | Dwarf growth]
 12179 | Lair:6   | Reached XP level 14. HP: 104/133 MP: 22/22
 13109 | Orc:1    | Entered Level 1 of the Orcish Mines
 13535 | Orc:2    | Entered Level 2 of the Orcish Mines
 13581 | Orc:2    | Found a roughly hewn altar of Beogh.
 13672 | Orc:2    | Found a roughly hewn altar of Beogh.
 13673 | Orc:2    | Found Qeakken's Antique Weapon Shoppe.
 13724 | Orc:2    | Found a staircase to the Elven Halls.
 13860 | Orc:2    | Found a roughly hewn altar of Beogh.
 13872 | Orc:2    | Found Ceuxerpho's Armour Emporium.
 13976 | Orc:2    | Found a roughly hewn altar of Beogh.
 14042 | Orc:2    | Found a roughly hewn altar of Beogh.
 14101 | Orc:2    | Found a roughly hewn altar of Beogh.
 14288 | Orc:2    | Noticed an orc warlord
 14306 | Orc:2    | Reached skill level 17 in Axes
 14317 | Orc:2    | Killed an orc warlord
 14363 | Orc:2    | Found Seas Lojutz's Antique Armour Shoppe.
 14364 | Orc:2    | Found a roughly hewn altar of Beogh.
 14367 | Orc:2    | Found Taoc's Antique Weapon Emporium.
 14379 | Orc:2    | Bought a glowing plate armour for 572 gold pieces
 14451 | Orc:2    | Bought a glowing broad axe for 238 gold pieces
 14512 | Orc:2    | Bought the +1 pair of gloves of the King of the Hill {Harm
                  | rC+ Dex+4} for 446 gold pieces
 14512 | Orc:2    | Bought a +2 cloak of poison resistance for 259 gold pieces
 14512 | Orc:2    | Bought the -2 hat of the Alchemist {rElec rPois rF+ rC+ rN+
                  | MR+ rMut rCorr} for 660 gold pieces
 14512 | Orc:2    | Found the -2 hat of the Alchemist {rElec rPois rF+ rC+ rN+
                  | MR+ rMut rCorr}
 14802 | Swamp:1  | Entered Level 1 of the Swamp
 15108 | Swamp:1  | Noticed a fenstrider witch
 15121 | Swamp:1  | Killed a fenstrider witch
 15428 | Swamp:2  | Noticed a fenstrider witch
 15438 | Swamp:2  | Killed a fenstrider witch
 15451 | Swamp:1  | Reached XP level 15. HP: 63/142 MP: 23/23
 15488 | Swamp:2  | HP: 7/142 [acid[a spriggan druid] (3)]
 15491 | Swamp:2  | Demolished by a goliath frog

Illustrated notes

Levels and vault maps discovered:
D:1:      dpeg_arrival_circle_labyrinth_b, layout_basic,
          kennysheep_pointless_box, minmay_crystal_water, lemuel_old_faithful
D:2:      layout_rooms, nicolae_overflow_crystal_walls
D:3:      layout_rooms, makhleb_altar_promises_db, cheibrodos_ashenzari_chains,
          uniq_crazy_yiuf_cottage
D:4:      layout_loops_cross, zin_purify, uniq_grinder
D:5:      layout_gridville, bh_walls_and_bars, uniq_pikel, uniq_eustachio
D:6:      layout_rooms, temple_pool_b, dk_noncrumbling_3, kennysheep_doodads,
          minmay_starry_boxes
D:7:      layout_cave_pools, overflow_temple_1_default,
          okawaru_ov_weapons_minmay, chequers_temple_overflow_statue_of_worship,
          hellmonk_ghost_happy_afterlife
D:8:      layout_loops_ring, gammafunk_ghost_spectres
D:9:      layout_basic, kennysheep_little_box
D:10:     layout_roguey, erik_lair_dragon
D:11:     layout_basic, david_orc_3, serial_curves, eino_curves_02,
          eino_curves_03, kennysheep_potato
D:12:     minmay_four_partial_circles, layout_basic, portal_ice_cave_entry_imps,
          hive_lemuel
Lair:1:   layout_regular_city, dpeg_stationary_puzzle,
          infiniplex_staircase_pool, uniq_erica
Lair:2:   layout_long_grid, special_room [special_room_bee], grunt_megastairs_4,
          serial_bayou_shore_a
Lair:3:   layout_small_grid, minmay_snake_entry_guardpost_large,
          fungi_pond_lemuel, grunt_megastairs_3, uniq_snorg
Lair:4:   layout_misc_corridors, nicolae_swamp_entry_splash_gauntlet,
          gammafunk_ghost_hydra_chop
Lair:5:   layout_gridlike, slime_altar_1, minmay_holes,
          nicolae_quartered_pool_little
Lair:6:   minmay_lair_end_enchanted_forest, layout_loops_ring,
          lemuel_fruit_fields
Swamp:1:  layout_falls_marsh, evilmike_swamp_ruin_house_6, swamp_pool5,
          hangedman_swamp_pad, nicolae_swamp_oklob_treasure_island
Swamp:2:  cheibrodos_swamp_heart_of_darkness, layout_basic_swamp,
          evilmike_swamp_ruin_rubble_1
Orc:1:    layout_caves
Orc:2:    grunt_orc_community_town_hall, layout_diamond_mine,
          grunt_orc_community_big_house_1, grunt_orc_community_big_house_2,
          grunt_orc_community_house_3, grunt_orc_community_house_3,
          grunt_orc_community_house_2, grunt_orc_community_house_1,
          grunt_orc_community_house_1, grunt_orc_community_house_2, basic_altar

Skill      XL: |  1  2  3  4  5  6  7  8  9 10 11 12 13 14 |
---------------+-------------------------------------------+-----
Axes           | 3 4 5 7 8 10 11 13 14 16 17 | 17.7
Fighting       | 3 4 5 6 7 8 9 10 11 | 11.5
Armour         | 4 5 6 7 9 10 11 12 13 | 13.4
Invocations    | 1 2 3 4 6 7 9 11 12 13 14 | 14.9
Shields        | |  3.2

Action                   |  1- 3 |  4- 6 |  7- 9 | 10-12 | 13-15 || total
-------------------------+-------+-------+-------+-------+-------++-------
Melee: War axe           |    99 |    87 |   213 |   286 |       ||   685
       Mace              |       |       |    99 |    85 |       ||   184
       Spear             |       |       |    35 |    61 |   113 ||   209
       Broad axe         |       |       |       |   207 |   681 ||   888
Throw: Stone             |       |     8 |       |       |       ||     8
       Boomerang         |       |       |     4 |     2 |       ||     6
Invok: Lesser Servant of |       |       |       |     1 |     1 ||     2
       Greater Servant o |       |       |       |       |     2 ||     2
 Abil: Heal Wounds       |     1 |       |     4 |     5 |     7 ||    17
Evoke: Wand              |       |     2 |     7 |     1 |       ||    10
  Use: Potion            |     1 |       |     2 |     5 |     3 ||    11
       Scroll            |       |     3 |    10 |    14 |    12 ||    39
 Stab: Distracted        |       |       |       |     1 |     5 ||     6
       Invisible         |       |       |       |       |    18 ||    18
Armor: Scale mail        |    38 |       |       |       |       ||    38
       Plate armour      |    10 |    52 |   239 |   373 |   468 ||  1142
       Troll leather arm |       |       |       |     2 |       ||     2
Dodge: Dodged            |    10 |    10 |    75 |   133 |   170 ||   398
Block: Kite shield       |    52 |    44 |   218 |   367 |   432 ||  1113

Table legend: (Time is in decaauts)
 A = Elapsed time spent in this place.
 B = Non-inter-level travel time spent in this place.
 C = Inter-level travel time spent in this place.
 D = Time resting spent in this place.
 E = Time spent auto-exploring this place.
 F = Levels seen in this place.
 G = Mean time per level.
                   A        B        C        D        E       F      G
               +--------+--------+--------+--------+--------+-----+--------+
         Total |  15614 |  14470 |   1144 |    140 |   9622 |  22 |  709.7 |
       Dungeon |   7942 |   7294 |    648 |    118 |   4986 |  12 |  661.8 |
          Lair |   5503 |   5182 |    321 |     22 |   3460 |   6 |  917.2 |
         Swamp |    717 |    694 |     23 |      0 |    420 |   2 |  358.5 |
  Orcish Mines |   1450 |   1299 |    151 |      0 |    754 |   2 |  725.0 |
               +--------+--------+--------+--------+--------+-----+--------+

Top non-repeatable levels by time:
  Lair:3: 1141 daAuts
  Lair:6: 1131 daAuts
  Lair:1: 1051 daAuts
   Orc:2: 1023 daAuts
     D:9: 1023 daAuts
    D:10: 988 daAuts
     D:5: 924 daAuts
    D:11: 881 daAuts
  Lair:2: 784 daAuts
     D:1: 759 daAuts
     D:8: 759 daAuts
  Lair:4: 709 daAuts
  Lair:5: 685 daAuts
     D:4: 679 daAuts
 Swamp:1: 672 daAuts
